cohdb
Replays
Latest Replays
All Replays
Popular Replays
Top Player Replays
Match Explorer
How It Works
Community
CoH3 Stats
Reddit
Sign in to upload your games and track your stats! →
Sign in with Steam
Pinhead Larry vs. WilllTheNoobz and NEP_Wilson_NEP
Match 22705529
Overview
Messages
Build Orders
End
Construct Infanterie Kompanie
Grenadier Squad
MG 42 Machine Gun Team
Grenadier Squad
GrW 34 Mortar Team
Selects Mechanized Battlegroup
Construct Panzergrenadier Kompanie
Panzergrenadier Squad
Selects Raid Package
Pak 40 Anti-tank Gun Team
Support Elements
Nebelwerfer 42 Rocket Launcher Team
251 Medium Carrier
Selects 8 Rad Armored Car
8 Rad Armored Car
Construct Panzer Kompanie
Panzergrenadier Squad
MG 42 Machine Gun Team
Pioneer Squad
Grenadier Squad
Construct Panzer Kompanie
Selects Mobile Repair Stations
Selects UNKNOWN (2160084)
Panther Heavy Tank
Selects Stoßtruppen Assault Package
MG 42 Machine Gun Team
MG 42 Machine Gun Team
Panzergrenadier Squad
Selects Mechanized Assault
Panther Heavy Tank
Sturmpanzer IV Brummbär
Mechanized Assault
Panther Heavy Tank
Mechanized Assault
NEP_wilson_NEP
WilllTHENOOBz
The Whistler
Pinhead Larry
Black Serval
???
0
0
Comments
sign in to comment!
No comments posted yet!